 Dungeon Crawl Stone Soup version 0.31-a0-538-gbc85326fa9 (webtiles) character file.

Game seed: 7885179839427138508

66 sjdagoat the Grave Robber (level 3, -2/24 HPs)
             Began as a Demonspawn Necromancer on Aug 14, 2023.
             Was an Initiate of Gozag.
             Succumbed to an orc wizard's poison
             ... on level 3 of the Dungeon.
             The game lasted 00:19:28 (2022 turns).

sjdagoat the Grave Robber (Demonspawn Necromancer)  Turns: 2022, Time: 00:19:29

Health: -2/24      AC:  9    Str:  8    XL:     3   Next: 96%
Magic:  4/6        EV:  4    Int: 24    God:    Gozag
Gold:   46         SH:  0    Dex: 13    Spells: 6/7 levels left

rFire   . . .        g - +0 short sword (venom)
rCold   . . .        (no shield)
rNeg    . . .        k - +1 chain mail {Will+}
rPois   .            (helmet restricted)
rElec   .            (no cloak)
rCorr   .            (no gloves)
SInv    .            (no boots)
Will    +....        (no amulet) Stlth
                     h - +6 ring of intelligence
HPRegen 0.24/turn    (no ring)
MPRegen 0.10/turn

%: no passive effects
@: lethally poisoned (-2 -> -23), gold aura, very slightly contaminated
A: antennae 1, weakness stinger 1
a: Renounce Religion, Potion Petition, Call Merchant, Bribe Branch


You were on level 3 of the Dungeon.
You worshipped Gozag.
Gozag was noncommittal.
You visited 1 branch of the dungeon, and saw 3 of its levels.

You collected 277 gold pieces.
You spent 231 gold pieces at shops.

Inventory:

Hand Weapons
 g - a +0 short sword of venom (weapon)
Armour
 a - a +0 robe
 k - a +1 chain mail of willpower (worn)
Jewellery
 h - a +6 ring of intelligence (left hand)
Wands
 i - a wand of light (6)
Scrolls
 b - a scroll of identify {unknown}
 c - a scroll of enchant armour {unknown}
 j - a scroll of vulnerability {unknown}
 l - a scroll of fog {unknown}
Potions
 d - 2 potions of curing {unknown}
 e - a potion of brilliance {unknown}
 f - a potion of degeneration {unknown}


   Skills:
 + Level 0.1 Short Blades
 + Level 2.0 Dodging
 + Level 1.9 Stealth
 + Level 0.4 Unarmed Combat
 + Level 2.6 Spellcasting
 + Level 5.3 Necromancy


You had 6 spell levels left.
You knew the following spells:

 Your Spells              Type           Power      Damage    Failure   Level
a - Necrotise             Necr           100%       1d9       78%         1

Your spell library contained the following spells:

 Spells                   Type           Power      Damage    Failure   Level
 Vampiric Draining        Necr           28%        2d8       98%         3
 Ensorcelled Hibernation  Hex/Ice        6%         N/A       100%        2
 Passwall                 Tmut/Erth      2%         N/A       100%        2
 Swiftness                Air            3%         N/A       100%        3
 Agony                    Necr           28%        N/A       100%        5
 Animate Dead             Necr           Unusable   N/A       N/A         4

Dungeon Overview and Level Annotations

Branches:
Dungeon (3/15)

Altars:
Gozag
Ru

Shops:
D:2 [


Innate Abilities, Weirdness & Mutations

You have a pair of small antennae on your head.
You have a small tail.


Message History

The orc wizard is wielding a +1 dagger of venom.
Found a sacrificial altar of Ru.
You can't go down here!
You close the door.
You open the door. The giant cockroach barely misses you.
You catch the helpless giant cockroach completely off-guard!
You hit the giant cockroach.
The giant cockroach is poisoned.
The giant cockroach is severely wounded.
You kill the giant cockroach!
There is an open door here.
You see here 8 gold pieces.
You miscast Necrotise.
You are very lightly contaminated with residual magic.
Nothing appears to happen.
You miscast Necrotise.
Nothing appears to happen.
You hit the orc wizard but do no damage.
The orc wizard hits you with a +1 dagger of venom.
You are poisoned.
You closely miss the orc wizard.
You feel very sick.
The orc wizard hits you with a +1 dagger of venom.
You are more poisoned.
You hit the orc wizard but do no damage.
The orc wizard is poisoned.
You feel very sick.
You closely miss the orc wizard.
You feel very sick.
The orc wizard hits you with a +1 dagger of venom.
* * * LOW HITPOINT WARNING * * *
You are more poisoned.
You barely miss the orc wizard.
Your tail-slap misses the orc wizard.
The orc wizard is lightly wounded.
* * * LOW HITPOINT WARNING * * *
You feel very sick.
The orc wizard hits you but does no damage.
You are more poisoned.
You hit the orc wizard. You tail-slap the orc wizard.
The orc wizard is moderately wounded.
You die...
Your body crumbles into a pile of gold.

#.###........... #.
#........#
#.###........####
#................
#.#######.#######..####
#.........# #..#
...####..#.# #.)#
.........#.# #..#
#######@.#.# #..#
#..o#...# #..#
#...#....# #..#
.....#..#.... ...#
#._.###....### ##.#
..... ...## #.# ...#
.#.# ... .#.#


You could see an orc wizard (mute, very poisoned).

Vanquished Creatures
  2 adders (D:2)
  A worm (D:2)
  A dart slug (D:1)
  4 bats
  3 endoplasms
  2 giant cockroaches
  6 goblins
  4 hobgoblins
  2 quokkas
  5 ball pythons
  3 frilled lizards
  6 kobolds
  2 rats
41 creatures vanquished.

Notes
Turn   | Place    | Note
-------+----------+-------------------------------------------
     0 | D:1      | sjdagoat the Demonspawn Necromancer began the quest for the
                  | Orb.
     0 | D:1      | Reached XP level 1. HP: 13/13 MP: 3/3
   295 | D:1      | Found a faded altar of an unknown god.
   337 | D:1      | Discovered your monstrous ancestry.
   337 | D:1      | Gained mutation: You have a small tail. [demonic ancestry]
   337 | D:1      | Reached XP level 2. HP: 18/19 MP: 3/5
   542 | D:1      | Prayed at the altar of an unknown god.
   542 | D:1      | Became a worshipper of Gozag Ym Sagoz the Greedy
   990 | D:1      | Reached skill level 5 in Necromancy
  1324 | D:2      | Gained mutation: You have a pair of small antennae on your
                  | head. [demonic ancestry]
  1324 | D:2      | Reached XP level 3. HP: 22/24 MP: 6/6
  1826 | D:2      | Found Jumechig's Armour Shoppe.
  1829 | D:2      | Bought a +1 chain mail of willpower for 231 gold pieces
  2010 | D:3      | Found a sacrificial altar of Ru.
  2022 | D:3      | Succumbed to an orc wizard's poison

Illustrated notes

Levels and vault maps discovered:
D:1:      dpeg_arrival_water_temple_mockup, layout_basic,
          chequers_ecumenical_altar_simple_redux
D:2:      layout_loops_cross, serial_shops, nicolae_shop_behind_doors,
          serial_bayou_pond_b, minmay_vboxes
D:3:      layout_loops_ring, nicolae_ru_great_annihilating_truth,
          nicolae_kikubaaqudgha_miasma_corner, amcnicky_mini_pool_small,
          minivault_5

Skill      XL: |  1  2 |
---------------+-------+-----
Dodging        | 2 |  2.0
Necromancy     | 5 |  5.3
Short Blades   | |  0.1
Stealth        | |  1.9
Unarmed Combat | |  0.4
Spellcasting   | |  2.6

Action                     || total
---------------------------++-------
  Melee: Short sword       ||    62
         Dagger            ||     6
         Unarmed           ||     3
         Tailslap          ||     7
         Punch             ||     2
   Cast: Necrotise         ||    41
    Use: Potion            ||     2
         Scroll            ||     1
   Stab: Invisible         ||     1
 Armour: Robe              ||    12
         Chain mail        ||     1
  Dodge: Dodged            ||    32

Table legend: (Time is in decaauts)
 A = Elapsed time spent in this place.
 B = Non-inter-level travel time spent in this place.
 C = Inter-level travel time spent in this place.
 D = Time resting spent in this place.
 E = Time spent auto-exploring this place.
 F = Levels seen in this place.
 G = Mean time per level.
                   A        B        C        D        E       F      G
               +--------+--------+--------+--------+--------+-----+--------+
         Total |   2022 |   1996 |     26 |      0 |    762 |   3 |  674.0 |
       Dungeon |   2022 |   1996 |     26 |      0 |    762 |   3 |  674.0 |
               +--------+--------+--------+--------+--------+-----+--------+

Top non-repeatable levels by time:
     D:1: 1144 daAuts
     D:2: 828 daAuts
     D:3: 49 daAuts
